 Dungeon Crawl Stone Soup version 0.27.1-34-g3ba077fa99 (webtiles) character file.

Game seed: 10190141876215000234

2627 LLlMATKO the Cleaver (level 9, -1/80 (81) HPs)
             Began as a Minotaur Berserker on Jan 30, 2022.
             Was a High Priest of Trog.
             Slain by a large slime creature (12 damage)
             ... on level 7 of the Dungeon.
             The game lasted 00:07:08 (6936 turns).

LLlMATKO the Cleaver (Minotaur Berserker)           Turns: 6936, Time: 00:07:09

HP:   -1/80 (81)    AC: 17    Str: 22    XL:     9   Next: 35%
MP:   8/8           EV: 10    Int:  4    God:    Trog [*****.]
Gold: 317           SH:  5    Dex: 13    Spells: 8/8 levels left

rFire    . . .     SeeInvis .   i - +0 war axe
rCold    . . .     Faith    .   v - +0 buckler
rNeg     . . .     Spirit   .   h - +0 chain mail
rPois    .         Reflect  .   (helmet restricted)
rElec    .         Harm     .   d - +2 cloak
rCorr    .         Rampage  .   k - +2 pair of gloves
Will     .....                  (no boots)
Stlth    ..........             (no amulet)
HPRegen  0.23/turn              (no ring)
MPRegen  0.11/turn              (no ring)

@: lightly drained
A: horns 2, retaliatory headbutt
a: Renounce Religion, Berserk, Trog's Hand, Brothers in Arms


You were on level 7 of the Dungeon.
You worshipped Trog.
Trog was extremely pleased with you.
You visited 1 branch of the dungeon, and saw 7 of its levels.
You also visited: Ossuary.

You collected 317 gold pieces.

Inventory:

Hand Weapons
 i - a +0 war axe (weapon)
 w - a +0 trident of flaming
Missiles
 x - 33 poisoned darts (quivered)
 G - 3 curare-tipped darts
Armour
 d - a +2 cloak (worn)
 h - a +0 chain mail (worn)
 k - a +2 pair of gloves (worn)
 r - a +2 ring mail of cold resistance
 v - a +0 buckler (worn)
Jewellery
 E - a ring of fire
Wands
 b - a wand of paralysis (7)
 u - a wand of acid (6)
 D - a wand of flame (20)
Scrolls
 a - 5 scrolls of enchant armour {unknown}
 c - 6 scrolls of identify
 e - a scroll of magic mapping
 g - a scroll of silence {unknown}
 j - 3 scrolls of noise {unknown}
 l - 4 scrolls of teleportation {unknown}
 o - a scroll of fear {unknown}
 q - a scroll of amnesia {unknown}
 y - a scroll of fog {unknown}
 A - 2 scrolls of enchant weapon {unknown}
Potions
 f - 2 potions of invisibility {unknown}
 m - a potion of brilliance {unknown}
 n - 2 potions of magic {unknown}
 p - 2 potions of haste {unknown}
 s - a potion of resistance {unknown}
 t - a potion of lignification {unknown}
 z - a potion of attraction {unknown}
 B - a potion of curing {unknown}
 C - a potion of cancellation {unknown}
 F - 2 potions of heal wounds {unknown}


   Skills:
 + Level 8.0 Fighting
 + Level 8.1 Axes
 + Level 7.6 Armour
 + Level 6.9 Dodging
 + Level 4.9 Shields


You had 8 spell levels left.
You didn't know any spells.
Your spell library was empty.

Dungeon Overview and Level Annotations

Branches:
Dungeon (7/15)             Temple (0/1) D:6         Ossuary (visited)

Altars:
Cheibriados
Elyvilon
Hepliaklqana
Kikubaaqudgha
Nemelex Xobeh
Qazlal
Sif Muna
Trog
Zin


Innate Abilities, Weirdness & Mutations

You have a pair of horns on your head.
You reflexively headbutt those who attack you in melee.


Message History

A slime creature comes into view.
The slime creature quivers. 2 slime creatures come into view.
The slime creature quivers. x2
You block the slime creature's attack.
Two slime creatures merge to form a large slime creature.
You slash the slime creature!
The slime creature is lightly wounded.
The slime creature hits you but does no damage.
You slash the slime creature!
The slime creature is moderately wounded.
The slime creature hits you. The slime creature hits you!
You hit the slime creature but do no damage.
The slime creature is moderately wounded.
Two slime creatures merge to form a large slime creature.
You barely miss the large slime creature.
The large slime creature is lightly wounded.
You barely miss the large slime creature.
You headbutt the large slime creature!
The large slime creature is moderately wounded.
The large slime creature hits you but does no damage.
You slash the large slime creature!
The large slime creature is moderately wounded.
You block the large slime creature's attack.
Two slime creatures merge to form an enormous slime creature.
You slash the enormous slime creature!
The enormous slime creature is lightly wounded.
You hit the enormous slime creature but do no damage.
The enormous slime creature is lightly wounded.
You hit the enormous slime creature but do no damage.
The enormous slime creature is lightly wounded.
The enormous slime creature hits you!!!
Ouch! That really hurt!
* * * LOW HITPOINT WARNING * * *
You are too injured to fight recklessly!
Found a stone staircase leading down.
An enormous slime creature splits.
A large slime creature splits.
The large slime creature hits you!
You die...

#...##..# #..##)# #.#
##.###..###..##)# #)#
#.# #....#..##)# #.#
#.# #........))# ##.#
#.######.#..##)#####...
#...:.......##.........
########.###########...
########.# #.##
#.J.JJ@..# #.#
#.######.# #.# #.# #.#
#.# #J# #.# #.# #.# #.#
#.# #.# #.# #.# # #..
#######.##.# #..
#.........#


You could see a large slime creature and 2 slime creatures.

Vanquished Creatures
  Grinder (D:5)
  A shadow (D:6)
  Edmund (D:4)
  A water moccasin (D:7)
  2 orc warriors (D:5)
  An ice beast (D:5)
  2 sky beasts
  A necrophage (D:4)
  3 ogres
  5 scorpions
  A wyvern zombie (D:6)
  A wight (D:7)
  2 electric eels (D:6)
  2 howler monkeys
  A bullfrog zombie (D:6)
  2 hounds
  A jelly (D:7)
  A gnoll shaman (D:7)
  An orc priest (D:6)
  An iguana (D:3)
  2 orc wizards
  A killer bee zombie (D:6)
  5 mummies (Ossuary)
  Robin (D:3)
  15 gnolls
  6 adders
  A white imp (D:6)
  2 ufetubi
  2 adder skeletons (D:4)
  2 worms (D:2)
  2 dart slugs
  20 orcs
  12 endoplasms
  3 giant cockroaches
  13 goblins
  3 hobgoblins (D:1)
  4 jackals (D:1)
  9 kobolds
  4 quokkas
  8 ball pythons
  A ball python zombie (D:3)
  7 bats
  4 frilled lizards
  4 hobgoblin zombies (Ossuary)
  5 rats
167 creatures vanquished.

Vanquished Creatures (others)
  3 plants
3 creatures vanquished.

Grand Total: 170 creatures vanquished

Notes
Turn   | Place    | Note
-------+----------+-------------------------------------------
     0 | D:1      | LLlMATKO the Minotaur Berserker began the quest for the
                  | Orb.
     0 | D:1      | Reached XP level 1. HP: 19/19 MP: 0/0
    96 | D:1      | Reached XP level 2. HP: 13/27 MP: 1/1
   781 | D:1      | Reached XP level 3. HP: 33/33 MP: 2/2
   799 | D:1      | Reached ** piety under Trog
   966 | D:2      | Found a hazy altar of Hepliaklqana.
  1472 | D:2      | Reached XP level 4. HP: 40/40 MP: 3/3
  2171 | D:3      | Reached *** piety under Trog
  2172 | D:3      | Reached XP level 5. HP: 40/47 MP: 4/4
  2281 | D:3      | Noticed Robin
  2302 | D:3      | Killed Robin
  2744 | D:4      | Reached skill level 5 in Axes
  2748 | D:4      | Found a sand-covered staircase.
  2757 | Ossuary  | Entered an ossuary
  2765 | Ossuary  | Reached skill level 5 in Fighting
  2974 | Ossuary  | Reached XP level 6. HP: 51/56 MP: 5/5
  3143 | D:4      | Noticed Edmund
  3155 | D:4      | Killed Edmund
  3283 | D:4      | Reached skill level 5 in Armour
  3283 | D:4      | Reached XP level 7. HP: 40/62 MP: 6/6
  3610 | D:4      | Reached **** piety under Trog
  3853 | D:4      | Reached skill level 5 in Dodging
  4036 | D:5      | Entered Level 5 of the Dungeon
  4268 | D:5      | Reached skill level 1 in Shields
  4353 | D:5      | Reached XP level 8. HP: 59/71 MP: 7/7
  4439 | D:5      | Noticed Grinder
  4452 | D:5      | Killed Grinder
  4852 | D:5      | Found a shimmering blue altar of Sif Muna.
  5029 | D:5      | Found a bloodstained altar of Trog.
  5136 | D:5      | Found a glowing silver altar of Zin.
  5494 | D:5      | Found a white marble altar of Elyvilon.
  5494 | D:5      | Found a sparkling altar of Nemelex Xobeh.
  5495 | D:5      | Found a snail-covered altar of Cheibriados.
  5520 | D:6      | Found an ancient bone altar of Kikubaaqudgha.
  5622 | D:6      | Found a transporter.
  5660 | D:6      | Reached XP level 9. HP: 57/79 MP: 8/8
  5670 | D:6      | Found a transporter.
  6008 | D:6      | Found a staircase to the Ecumenical Temple.
  6051 | D:6      | Found a stormy altar of Qazlal.
  6670 | D:7      | Reached ***** piety under Trog
  6936 | D:7      | Slain by a large slime creature

Illustrated notes

Levels and vault maps discovered:
D:1:      co_arrival_random_square_maze, layout_basic, minivault_4,
          minmay_pentomino_v4
D:2:      layout_rooms, basic_altar
D:3:      layout_basic, serial_undead, serial_undead_f, serial_undead_a,
          serial_undead_e, serial_undead_b, uniq_robin
D:4:      layout_cave_pools, enter_ossuary_1, hangedman_decor_growths,
          saegor_snake_ambush, uniq_edmund
D:5:      layout_loops_ring, nzn_overflow_gifts_of_might_and_magic,
          zin_scriptorium, gammafunk_temple_overflow_claw, minmay_door_square,
          corexii_corridor_pit, nrook_pool_corridor,
          chequers_serial_rivers_small_b, uniq_grinder
D:6:      gammafunk_steamed_eel, layout_cave_pools,
          mainiacjoe_overflow_catwalk_spiral, minmay_temple_entry_water_ring
D:7:      layout_loops_ring, nicolae_alphabet_shops, uniq_pikel

Skill      XL: |  1  2  3  4  5  6  7  8  9 |
---------------+----------------------------+-----
Fighting       | 4 5 6 7 8 |  8.0
Axes           | 4 5 6 7 8 |  8.1
Armour         | 3 4 5 6 7 |  7.6
Dodging        | 3 4 5 6 |  6.9
Shields        | 1 4 |  4.9

Action                   |  1- 3 |  4- 6 |  7- 9 || total
-------------------------+-------+-------+-------++-------
Melee: Hand axe          |    73 |    10 |       ||    83
       Headbutt          |    11 |    18 |    26 ||    55
       War axe           |       |    91 |   202 ||   293
Invok: Berserk           |     3 |     4 |     7 ||    14
  Use: Scroll            |       |     3 |       ||     3
Armor: Animal skin       |    19 |     1 |       ||    20
       Chain mail        |       |    52 |   106 ||   158
Dodge: Dodged            |    62 |    47 |    85 ||   194
Block: Buckler           |       |       |    28 ||    28
